 Dungeon Crawl Stone Soup version 0.29-b1-12-g9e2288ab2a (webtiles) character file.

Game seed: 4356055829072252066

234 Zeldest the Insei (level 6, 0/41 HPs)
             Began as an Octopode Transmuter on Aug 24, 2022.
             Slain by an orc
             ... wielding a +0 falchion
              (6 damage)
             ... on level 4 of the Dungeon.
             The game lasted 00:07:47 (1427 turns).

Zeldest the Insei (Octopode Transmuter)             Turns: 1427, Time: 00:07:48

Health: 0/41       AC:  1    Str:  9    XL:     6   Next: 5%
Magic:  6/9        EV: 14    Int: 17    God:
Gold:   146        SH:  0    Dex: 13    Spells: 6/9 levels left

rFire   . . .      SeeInvis .     - Unarmed
rCold   . . .      Faith    .   (no shield)
rNeg    . . .      Spirit   .   (helmet currently unavailable)
rPois   .          Reflect  .   (no amulet)
rElec   .          Harm     .   j - ring of flight
rCorr   .          Rampage  .   (no ring)
Will    .....                   (no ring)
Stlth   ++........              (no ring)
HPRegen 0.13/turn               (no ring)
MPRegen 0.11/turn               (no ring)
                                (no ring)
                                (no ring)

@: appendages, wereblooded, flying, hasted, very quick
A: tentacle spike 3, almost no armour, amphibious, 8 rings, camouflage 1,
gelatinous body 1, (nimble swimmer 1), tentacles
a: End Transformation


You were on level 4 of the Dungeon.
One of your tentacles had grown a beastly spike.
You visited 1 branch of the dungeon, and saw 4 of its levels.

You collected 146 gold pieces.

Inventory:

Jewellery
 j - a ring of flight (left tentacle)
Wands
 o - a wand of digging (5)
Scrolls
 b - a scroll of poison {unknown}
 c - a scroll of brand weapon {unknown}
 f - 3 scrolls of identify
 h - a scroll of enchant armour {unknown}
 k - 2 scrolls of fear {unknown}
 m - a scroll of magic mapping {unknown}
Potions
 a - a potion of magic {unknown}
 e - a potion of ambrosia {unknown}
 g - 2 potions of curing
 i - a potion of brilliance {unknown}
 l - a potion of attraction {unknown}
 n - 3 potions of cancellation {unknown}


   Skills:
 + Level 2.9 Fighting
 + Level 3.4 Dodging
 + Level 4.1 Unarmed Combat
 - Level 2.0 Spellcasting
 + Level 3.4 Transmutations


You had 6 spell levels left.
You knew the following spells:

 Your Spells              Type           Power      Damage    Failure   Level
a - Beastly Appendage     Tmut           26%        N/A       4%          1
b - Wereblood             Tmut           13%        N/A       7%          2

Your spell library contained the following spells:

 Spells                   Type           Power      Damage    Failure   Level
 Spider Form              Tmut/Pois      7%         N/A       28%         3
 Ice Form                 Ice/Tmut       7%         N/A       67%         4


Dungeon Overview and Level Annotations

Branches:
Dungeon (4/15)
 Temple: D:4-7

Altars:
Uskayaw
Yredelemnul
The Shining One

Annotations:
D:4 Eustachio, Grinder


Innate Abilities, Weirdness & Mutations

One of your tentacles has grown a beastly spike.
You cannot wear most types of armour.
You are amphibious.
You can wear up to eight rings at the same time.
Your skin changes colour to match your surroundings (Stealth+).
Your rubbery body absorbs attacks. (AC +1, EV +1)
((You are camouflaged when in or above water. (Stealth+)))
You have tentacles for arms and can constrict up to eight enemies at once.


Message History

You hear an angry hiss.
Casting: Beastly Appendage (safe; 4% risk of failure)
Confirm with . or Enter, or press ? or * to list all spells.
Your blood is infused with primal strength.
The iguana hisses angrily.
You feel yourself speed up.
An orc comes into view. It is wielding a +0 mace.
You tentacle-slap the iguana. Your grab misses the iguana.
Your tentacle spike misses the iguana.
The iguana is moderately wounded.
The iguana bites you. The orc barely misses you. x2
The orc shouts!
You tentacle-slap the iguana. You grab the iguana.
You pierce the iguana, but do no damage.
The iguana is heavily wounded.
You constrict the iguana. The orc misses you.
An orc comes into view. It is wielding a +0 whip.
The orc barely misses you. The iguana bites you!
* * * LOW HITPOINT WARNING * * *
You tentacle-slap the iguana but do no damage.
The iguana is heavily wounded.
You constrict the iguana, but do no damage.
You tentacle-slap the iguana but do no damage.
You pierce the iguana, but do no damage.
The iguana is heavily wounded.
You constrict the iguana, but do no damage.
The orc barely misses you. The orc hits you but does no damage.
The iguana closely misses you.
You tentacle-slap the iguana but do no damage.
The iguana is heavily wounded.
You constrict the iguana.
A scorpion comes into view.
You completely miss the iguana.
You pierce the iguana, but do no damage.
The iguana is severely wounded.
You constrict the iguana. The iguana barely misses you.
The orc hits you with a +0 dagger.
* * * LOW HITPOINT WARNING * * *
The orc hits you with a +0 falchion.
You die...

#.#..##.....## .
#.##.#.......## .#
#.##..........##...
##. #.#
#...<.......#.# #..
....#.........#.
.....
#.#...........#
.#.# ###....s.o..#
...
#...>>..o.###o#.##
#...$....Soo@....#
#........o###l#.##
#.........# ...
#..)......# .#.#
##.......## ....#
#..o...## .# ##
#...### .. ##. .#


You could see a scorpion, an iguana, an adder and 6 orcs.

Vanquished Creatures
  Pargi (D:3)
  A phantom (D:4)
  2 adders
  3 endoplasms
  A giant cockroach (D:2)
  7 goblins
  4 hobgoblins
  4 jackals (D:1)
  5 kobolds
  2 quokkas (D:1)
  3 ball pythons
  5 bats
  3 frilled lizards (D:1)
  4 rats
45 creatures vanquished.

Vanquished Creatures (others)
  3 plants (D:1)
3 creatures vanquished.

Grand Total: 48 creatures vanquished

Notes
Turn   | Place    | Note
-------+----------+-------------------------------------------
     0 | D:1      | Zeldest the Octopode Transmuter began the quest for the
                  | Orb.
     0 | D:1      | Reached XP level 1. HP: 13/13 MP: 3/3
    77 | D:1      | You fall into a shaft and drop 1 floor!
   118 | D:1      | Found a faded altar of an unknown god.
   179 | D:1      | Reached XP level 2. HP: 14/18 MP: 3/5
   182 | D:1      | Learned a level 2 spell: Wereblood
   413 | D:2      | Found a basalt altar of Yredelemnul.
   465 | D:2      | Reached XP level 3. HP: 21/23 MP: 2/6
   989 | D:3      | Noticed Pargi
  1021 | D:3      | Killed Pargi
  1022 | D:3      | Reached XP level 4. HP: 30/30 MP: 7/7
  1022 | D:3      | Reached XP level 5. HP: 35/35 MP: 8/8
  1084 | D:3      | Found a glowing golden altar of the Shining One.
  1110 | D:4      | Noticed Eustachio
  1274 | D:4      | Found a hide-covered altar of Uskayaw.
  1274 | D:4      | Found a basalt altar of Yredelemnul.
  1301 | D:4      | Noticed a phantom
  1317 | D:4      | Killed a phantom
  1318 | D:4      | Reached skill level 4 in Unarmed Combat
  1318 | D:4      | Reached XP level 6. HP: 10/41 MP: 6/9
  1372 | D:4      | Noticed Grinder
  1376 | D:4      | Paralysed by Grinder for 4 turns
  1427 | D:4      | Slain by an orc

Illustrated notes

Levels and vault maps discovered:
D:1:      spicycebolla_arrival_xxxplode, layout_loops_ring,
          hellmonk_ecumenical_altar_inner_sanctum, serial_forest,
          infiniplex_forest_end_2, infiniplex_forest_clump_long,
          infiniplex_forest_zigzag_1, infiniplex_forest_clump_cross,
          infiniplex_forest_straight_2, infiniplex_forest_zigzag_1,
          infiniplex_forest_3_way, infiniplex_forest_pool
D:2:      layout_basic, basic_altar
D:3:      layout_loops_corners, okawaru_altar_gauntlet_db,
          mainiacjoe_overflow_24_doors, nicolae_concentric_dashed_squares_wild,
          minmay_misc_feat_iff, nrook_loot_triangle, uniq_pargi
D:4:      layout_rooms, nicolae_overflow_two_pavilions, lemuel_doored_altar,
          st_stairs_13, uniq_grinder, uniq_eustachio

Skill      XL: |  1  2  3  4  5 |
---------------+----------------+-----
Fighting       | 2 |  2.9
Dodging        | 3 |  3.4
Transmutations | 3 |  3.4
Unarmed Combat | 4 |  4.1
Spellcasting   | |  2.0

Action                   |  1- 3 |  4- 6 || total
-------------------------+-------+-------++-------
Melee: Unarmed           |    79 |    30 ||   109
       Kick              |    25 |    13 ||    38
       Tentacles         |    14 |     3 ||    17
       Constrict         |    19 |     4 ||    23
       Punch             |     1 |       ||     1
 Cast: Beastly Appendage |    17 |     8 ||    25
       Wereblood         |     6 |     4 ||    10
  Use: Potion            |     1 |     3 ||     4
       Scroll            |       |     1 ||     1
 Stab: Sleeping          |     2 |     2 ||     4
Armor: Skin              |    18 |     1 ||    19
Dodge: Dodged            |    38 |    18 ||    56
